 Dungeon Crawl Stone Soup version 0.31-a0-1549-g5ff9445e89 (webtiles) character file.

Game seed: 1123988712501156541

19427 jlumianski the Grappler (level 12, -1/93 HPs)
             Began as a Gnoll Shapeshifter on Jan 3, 2024.
             Was an Elder of Wu Jian.
             Slain by a catoblepas (13 damage)
             ... while petrified by a catoblepas
             ... in a Gauntlet.
             The game lasted 01:12:10 (14906 turns).

jlumianski the Grappler (Gnoll Shapeshifter)       Turns: 14906, Time: 01:12:12

Health: -1/93      AC:  7    Str: 18    XL:     12   Next: 68%
Magic:  23/23      EV:  2    Int:  9    God:    Wu Jian [****..]
Gold:   624        SH:  0    Dex: 13    Spells: 20/26 levels left

rFire   . .          .
                       - Unarmed
rCold   . . .        (shield currently unavailable)
rNeg    + + +        x - melded +0 plate armour
rPois   ∞            m - +1 helmet
rElec   .            T - +1 cloak
rCorr   .            (no gloves)
SInv    .            z - +1 pair of boots
Will    .....        o - amulet of regeneration
Stlth   ++           w - +5 ring of evasion
HPRegen 1.15/turn    D - ring of poison resistance
MPRegen 0.18/turn

%: no teleportation
@: brilliant, flux-form, petrified, slowed, glowing
A: glow, contaminating, fangs 1, strong nose, distributed training
a: Begin Untransformation, Renounce Religion, Wall Jump, Serpent's Lash


You were in a Gauntlet.
You worshipped Wu Jian.
Wu Jian was greatly pleased with you.
You were something dangerously unstable.
You visited 4 branches of the dungeon, and saw 16 of its levels.
You also visited: Ossuary and Gauntlet.

You collected 739 gold pieces.
You spent 115 gold pieces at shops.

Inventory:

Missiles
 a - 2 throwing nets
 l - 6 boomerangs
 n - 5 javelins
 r - 8 curare-tipped darts
Armour
 m - a +1 helmet (worn)
 x - a +0 plate armour (melded)
 z - a +1 pair of boots (worn)
 T - a +1 cloak (worn)
Jewellery
 o - an amulet of regeneration (around neck)
 w - a +5 ring of evasion (left hand)
 D - a ring of poison resistance (right hand)
Talismans
 d - a flux talisman (active)
Wands
 h - a wand of flame (18)
 O - a wand of iceblast (8)
Scrolls
 c - 3 scrolls of noise
 g - a scroll of enchant weapon
 i - a scroll of summoning
 j - 7 scrolls of teleportation
 p - 2 scrolls of fear
 q - a scroll of torment
 C - 2 scrolls of blinking
 L - 2 scrolls of silence
 P - a scroll of immolation
 Z - a scroll of fog
Potions
 b - 2 potions of lignification
 e - a potion of resistance
 f - a potion of ambrosia
 t - 5 potions of magic
 v - 6 potions of attraction
 E - a potion of curing
 J - 2 potions of heal wounds
 Q - a potion of invisibility
 R - 4 potions of might
 X - a potion of brilliance


   Skills:
 + Level 8.3 Fighting
 + Level 7.8 Short Blades
 + Level 7.8 Long Blades
 + Level 7.8 Axes
 + Level 7.8 Maces & Flails
 + Level 7.8 Polearms
 + Level 7.8 Staves
 + Level 7.8 Ranged Weapons
 + Level 7.8 Throwing
 + Level 7.8 Armour
 + Level 9.1 Dodging
 + Level 7.8 Stealth
 + Level 7.8 Shields
 + Level 10.2 Unarmed Combat
 + Level 7.8 Spellcasting
 + Level 6.5 Conjurations
 + Level 6.5 Hexes
 + Level 6.5 Summonings
 + Level 6.5 Necromancy
 + Level 6.5 Translocations
 + Level 6.5 Fire Magic
 + Level 6.5 Ice Magic
 + Level 6.5 Air Magic
 + Level 6.5 Earth Magic
 + Level 6.5 Alchemy
 + Level 8.5 Invocations
 + Level 7.8 Evocations
 + Level 9.7 Shapeshifting


You had 20 spell levels left.
You knew the following spells:

 Your Spells              Type           Power      Damage    Failure   Level
a - Fugue of the Fallen   Necr           22%        N/A       3%          3
b - Stone Arrow           Conj/Erth      44%        3d9       3%          3

Your spell library contained the following spells:

 Spells                   Type           Power      Damage    Failure   Level
 Shock                    Conj/Air       88%        1d8       1%          1
 Inner Flame              Hex/Fire       22%        N/A       3%          3
 Ozocubu's Armour         Ice            22%        N/A       3%          3
 Swiftness                Air            22%        N/A       3%          3
 Airstrike                Air            11%        2d(2-18)  13%         4
 Animate Armour           Summ/Erth      44%        N/A       13%         4
 Flame Wave               Conj/Fire      22%        2d8       13%         4
 Ignite Poison            Fire/Alch      22%        N/A       13%         4
 Manifold Assault         Tloc           22%        N/A       13%         4
 Sticky Flame             Fire/Alch      22%        2d6       13%         4
 Ignition                 Fire           11%        3d5       100%        8
 Lehudib's Crystal Spear  Conj/Erth      11%        10d4      100%        8


Dungeon Overview and Level Annotations

Branches:
Dungeon (13/15)            Temple (1/1) D:6            Lair (1/5) D:10
    Orc (1/2) D:11        Ossuary (visited)         Gauntlet (1/1)
 Vaults: D:13-14

Altars:
Ashenzari
Cheibriados
Dithmenos
Fedhas
Gozag
Hepliaklqana
Kikubaaqudgha
Makhleb
Nemelex Xobeh
Okawaru
Qazlal
Ru
Sif Muna
Trog
Uskayaw
Vehumet
Wu Jian
Xom
Yredelemnul
Zin
The Shining One

Shops:
D:5 (=(   D:6 *   D:7 :   D:8 :   D:9 *

Portals:
Trove: D:12 (give 15 potions of curing)

Annotations:
D:7 1 runed translucent door, Crazy Yiuf
D:8 exclusion: statue
D:10 Amaemon
Orc:1 Erolcha Gauntlet 7 transporters


Innate Abilities, Weirdness & Mutations

You are something dangerously unstable.
You glow with magical radiation, making you easy to see and hit.
Foes you strike become dangerously contaminated with magical radiation.
You are immune to poison.
You are incapable of wielding weapons or throwing items.
You have very sharp teeth.
Your uncanny sense of smell can sniff out nearby items.
Your experience applies equally to all skills.


Message History

The catoblepas breathes a plume of calcifying dust at you.
The blast of calcifying dust hits the gargoyle but does no damage.
The blast of calcifying dust hits you.
You lunge at the gargoyle.
You hit the gargoyle.
The gargoyle begins to glow.
The gargoyle is lightly damaged.
You are engulfed in calcifying dust.
You are slowing down.
The gargoyle hits you with a +0 flail!
The molten gargoyle fails to trigger a net trap.
The gargoyle hurls a stone arrow at you.
The stone arrow misses you.
The gargoyle hurls a stone arrow at you.
The stone arrow hits you!! The molten gargoyle barely misses you.
Aiming: Wall Jump
Press: ? - help, Dir - move target You repeatedly attack the gargoyle from above.
You hit the gargoyle but do no damage.
The gargoyle begins to glow.
You hit the gargoyle.
The gargoyle glows dangerously bright.
The gargoyle is lightly damaged.
You repeatedly attack the molten gargoyle from above.
You hit the molten gargoyle.
The molten gargoyle begins to glow.
The molten gargoyle is lightly damaged.
You hit the molten gargoyle but do no damage.
The molten gargoyle glows dangerously bright.
The molten gargoyle is lightly damaged.
The gargoyle hits you with a +0 flail! The molten gargoyle closely misses you.
The catoblepas fails to trigger a net trap.
The gargoyle hits you with a +0 flail. The catoblepas gores you!
* * * LOW HITPOINT WARNING * * *
The catoblepas breathes a plume of calcifying dust at you.
The blast of calcifying dust hits you.
* * * LOW HITPOINT WARNING * * *
You have turned to stone.
You are engulfed in calcifying dust.
The molten gargoyle hits you with a +2 mace of venom!
* * * LOW HITPOINT WARNING * * *
You are engulfed in flames!
* * * LOW HITPOINT WARNING * * *
The catoblepas gores you!!
You die...

###≈###.......###≈###≈##
≈#≈≈≈#..∩.8.∩..#≈≈≈#≈≈≈#
.....................≈#
.#########.#########.##
.#.?=©).t#.#.##©!:.#.≈##
.#.####..#.#..##^=##.≈≈#
.#.#...#.#.#.^.#.###.≈##
.#.#.©.#t###.##.##©#.##
.#.#...#.#.###.#pY9#.≈##
.#..####.#.##.^##99#.≈≈#
.#.......#.#....##.#.≈##
.#########.#########.##
....#©.........©#....≈##
..8.#.8.8.8.8.8.#.8..≈≈#
....#©.........©#....≈##
.###################.##
.#zz#©#.z#.#...©"..#.≈##


You could see a catoblepas, a molten gargoyle (contam) and 2 gargoyles.

Vanquished Creatures
  A hydra (D:13)
  A boulder beetle (D:11)
  A death scarab (Gauntlet)
  4 two-headed ogres
  A spectral death yak (Gauntlet)
  Sonja (D:12)
  Nergalle (D:11)
  Pikel (D:9)
  A cyclops (D:12)
  A manticore (D:12)
  2 unseen horrors
  2 cane toads (Lair:1)
  Psyche (D:9)
  2 trolls
  A polar bear (Lair:1)
  2 shadows (Gauntlet)
  2 vampires
  3 wraiths
  3 wyverns
  17 yaks
  A warg (Orc:1)
  2 basilisks (D:10)
  2 steam dragons
  An acid dragon (D:7)
  5 water moccasins
  An ice beast (D:5)
  A sky beast (D:5)
  6 orc warriors
  2 black bears
  7 centaurs
  2 ogres
  3 phantoms
  3 lemures
  3 kobold brigands
  A weeping skull (Ossuary)
  6 scorpions
  4 bullfrogs (D:7)
  A wyvern zombie (D:5)
  A gnoll sergeant (D:11)
  7 water moccasin zombies (Ossuary)
  5 wights
  6 killer bees (D:10)
  2 electric eels (D:13)
  6 howler monkeys
  2 centaur zombies (D:5)
  6 orc priests
  5 hounds
  4 jellies
  A spectral scorpion (Ossuary)
  A gnoll bouda (D:10)
  2 bullfrog skeletons (D:5)
  2 iguanas
  11 orc wizards
  A scorpion zombie (D:5)
  A crocodile zombie (Ossuary)
  A hound zombie (D:5)
  2 mummies (Ossuary)
  Robin (D:1)
  5 gnolls (D:11)
  10 adders
  A shadow imp (D:5)
  2 white imps
  2 ufetubi (D:5)
  9 adder zombies (Ossuary)
  2 dart slugs
  3 ribbon worms
  39 orcs
  5 bats
  6 endoplasms
  5 giant cockroaches
  9 goblins
  8 hobgoblins
  4 quokkas
  7 ball pythons
  2 frilled lizards
  11 gnoll zombies (Ossuary)
  5 jackal zombies (Ossuary)
  27 kobolds
  An orc zombie (Ossuary)
  2 rats
331 creatures vanquished.

Vanquished Creatures (others)
  A quokka (D:10)
1 creature vanquished.

Grand Total: 332 creatures vanquished

Notes
Turn   | Place    | Note
-------+----------+-------------------------------------------
     0 | D:1      | jlumianski the Gnoll Shapeshifter began the quest for the
                  | Orb.
     0 | D:1      | Reached XP level 1. HP: 17/17 MP: 1/1
    68 | D:1      | Noticed a great orb of eyes
    72 | D:1      | Noticed a great orb of eyes
    74 | D:1      | Found a faded altar of an unknown god.
    76 | D:1      | Noticed a glass eye
   160 | D:1      | Reached XP level 2. HP: 23/23 MP: 2/2
   615 | D:2      | Noticed Robin
   685 | D:1      | Reached XP level 3. HP: 26/28 MP: 3/3
   704 | D:1      | Killed Robin
   705 | D:1      | Reached skill level 1 in Invocations
   778 | D:1      | Noticed an eye of devastation
  1457 | D:2      | Reached skill level 1 in Short Blades
  1457 | D:2      | Reached skill level 1 in Long Blades
  1457 | D:2      | Reached skill level 1 in Axes
  1457 | D:2      | Reached skill level 1 in Maces & Flails
  1457 | D:2      | Reached skill level 1 in Polearms
  1457 | D:2      | Reached skill level 1 in Staves
  1457 | D:2      | Reached skill level 1 in Ranged Weapons
  1457 | D:2      | Reached skill level 1 in Throwing
  1457 | D:2      | Reached skill level 1 in Armour
  1457 | D:2      | Reached skill level 1 in Stealth
  1457 | D:2      | Reached skill level 1 in Shields
  1457 | D:2      | Reached skill level 1 in Spellcasting
  1457 | D:2      | Reached skill level 1 in Evocations
  1653 | D:3      | Reached XP level 4. HP: 34/34 MP: 5/5
  1990 | D:3      | Reached skill level 1 in Conjurations
  1990 | D:3      | Reached skill level 1 in Hexes
  1990 | D:3      | Reached skill level 1 in Summonings
  1990 | D:3      | Reached skill level 1 in Necromancy
  1990 | D:3      | Reached skill level 1 in Translocations
  1990 | D:3      | Reached skill level 1 in Fire Magic
  1990 | D:3      | Reached skill level 1 in Ice Magic
  1990 | D:3      | Reached skill level 1 in Air Magic
  1990 | D:3      | Reached skill level 1 in Earth Magic
  1990 | D:3      | Reached skill level 1 in Alchemy
  2025 | D:4      | Reached XP level 5. HP: 38/40 MP: 5/7
  2164 | D:5      | Entered Level 5 of the Dungeon
  2457 | D:3      | Reached XP level 6. HP: 47/47 MP: 8/8
  2749 | D:3      | Reached skill level 5 in Dodging
  3223 | D:5      | Found Ycvuxkot's Antique Weapon Boutique.
  3458 | D:5      | Reached skill level 7 in Unarmed Combat
  3458 | D:5      | Reached XP level 7. HP: 43/52 MP: 10/10
  3585 | D:5      | Found Haxteusu's Jewellery Shoppe.
  3724 | D:5      | Found a glowing silver altar of Zin.
  3979 | D:5      | Found Nomp's Weapon Shop.
  3979 | D:5      | Noticed a +0 rapier
  3983 | D:5      | Noticed a +0 lajatang
  4017 | D:5      | Reached XP level 8. HP: 59/60 MP: 12/12
  4388 | D:5      | Found a basalt altar of Yredelemnul.
  5216 | D:7      | Found a sand-covered staircase.
  5231 | Ossuary  | Entered an ossuary
  5329 | Ossuary  | Reached XP level 9. HP: 54/66 MP: 14/14
  5460 | Ossuary  | Reached skill level 5 in Fighting
  5847 | D:6      | Reached skill level 8 in Unarmed Combat
  5849 | D:6      | Found Hogaenes's Neck Hole.
  6035 | D:6      | Reached skill level 5 in Invocations
  6046 | D:6      | Bought a +1 cloak for 115 gold pieces
  6150 | D:6      | Found a staircase to the Ecumenical Temple.
  6178 | Temple   | Entered the Ecumenical Temple
  6182 | Temple   | Became a worshipper of the Wu Jian Council
  6547 | D:7      | Found Tootawk's Self-Improvement Boutique.
  6950 | D:7      | Reached skill level 5 in Short Blades
  6950 | D:7      | Reached skill level 5 in Long Blades
  6950 | D:7      | Reached skill level 5 in Axes
  6950 | D:7      | Reached skill level 5 in Maces & Flails
  6950 | D:7      | Reached skill level 5 in Polearms
  6950 | D:7      | Reached skill level 5 in Staves
  6950 | D:7      | Reached skill level 5 in Ranged Weapons
  6950 | D:7      | Reached skill level 5 in Throwing
  6950 | D:7      | Reached skill level 5 in Armour
  6950 | D:7      | Reached skill level 5 in Stealth
  6950 | D:7      | Reached skill level 5 in Shields
  6950 | D:7      | Reached skill level 5 in Spellcasting
  6950 | D:7      | Reached skill level 5 in Evocations
  6959 | D:7      | Reached XP level 10. HP: 76/76 MP: 17/17
  6997 | D:7      | Found a sacrificial altar of Ru.
  7113 | D:7      | Found a runed translucent door.
  7114 | D:7      | Noticed Crazy Yiuf
  7238 | D:7      | Reached * piety under Wu Jian
  7393 | D:9      | Noticed Pikel
  7995 | D:8      | Noticed a two-headed ogre
  8007 | D:8      | Killed a two-headed ogre
  8179 | D:8      | Found a radiant altar of Vehumet.
  8307 | D:9      | Noticed Psyche
  8322 | D:8      | Found Desifaf's Book Shop.
  8359 | D:9      | Killed Psyche
  8696 | D:9      | Reached ** piety under Wu Jian
  8854 | D:9      | Killed Pikel
  9043 | D:9      | Found Cumpos's Assorted Antiques.
  9113 | D:9      | Reached skill level 9 in Unarmed Combat
  9116 | D:9      | Reached skill level 5 in Conjurations
  9116 | D:9      | Reached skill level 5 in Hexes
  9116 | D:9      | Reached skill level 5 in Summonings
  9116 | D:9      | Reached skill level 5 in Necromancy
  9116 | D:9      | Reached skill level 5 in Translocations
  9116 | D:9      | Reached skill level 5 in Fire Magic
  9116 | D:9      | Reached skill level 5 in Ice Magic
  9116 | D:9      | Reached skill level 5 in Air Magic
  9116 | D:9      | Reached skill level 5 in Earth Magic
  9116 | D:9      | Reached skill level 5 in Alchemy
  9116 | D:9      | Reached XP level 11. HP: 39/83 MP: 18/20
  9503 | D:10     | Entered Level 10 of the Dungeon
 10027 | D:10     | Learned a level 3 spell: Fugue of the Fallen
 10031 | D:10     | Learned a level 3 spell: Stone Arrow
 10100 | D:10     | Found a staircase to the Lair.
 10113 | D:10     | Found an opulent altar of Gozag.
 10117 | D:10     | Noticed Amaemon
 10778 | D:11     | Found a staircase to the Orcish Mines.
 11107 | D:10     | Noticed a two-headed ogre
 11120 | D:10     | Killed a two-headed ogre
 11295 | D:11     | Reached *** piety under Wu Jian
 12327 | D:12     | Noticed a manticore
 12333 | D:12     | Killed a manticore
 12415 | D:11     | Noticed a boulder beetle
 12428 | D:11     | Killed a boulder beetle
 12524 | D:11     | Noticed Nergalle
 12532 | D:11     | Killed Nergalle
 12533 | D:11     | Reached XP level 12. HP: 91/91 MP: 22/22
 13209 | D:13     | Noticed an eight-headed hydra
 13221 | D:13     | Killed an eight-headed hydra
 13478 | D:13     | Noticed a two-headed ogre
 13485 | D:13     | Killed a two-headed ogre
 13565 | D:12     | Found a portal to a secret trove of treasure.
 13703 | D:12     | Noticed a two-headed ogre
 13710 | D:12     | Killed a two-headed ogre
 13711 | D:12     | Reached skill level 10 in Unarmed Combat
 14095 | D:12     | Noticed Sonja
 14109 | D:12     | Killed Sonja
 14451 | Orc:1    | Entered Level 1 of the Orcish Mines
 14575 | Orc:1    | Noticed Erolcha
 14633 | Lair:1   | Entered Level 1 of the Lair of Beasts
 14727 | Lair:1   | Found a gate leading to a gauntlet.
 14737 | Gauntlet | Entered a Gauntlet
 14737 | Gauntlet | Found a transporter.
 14737 | Gauntlet | Found a transporter.
 14747 | Gauntlet | Found a transporter.
 14751 | Gauntlet | Found a transporter.
 14759 | Gauntlet | Found a transporter.
 14763 | Gauntlet | Found a transporter.
 14771 | Gauntlet | Noticed a ghost crab
 14774 | Gauntlet | Found a transporter.
 14785 | Gauntlet | Noticed a catoblepas
 14788 | Gauntlet | Found a transporter.
 14806 | Gauntlet | Found a transporter.
 14807 | Gauntlet | Found a transporter.
 14807 | Gauntlet | Noticed a death scarab
 14815 | Gauntlet | Found a transporter.
 14819 | Gauntlet | Found a transporter.
 14879 | Gauntlet | Killed a death scarab
 14879 | Gauntlet | Reached **** piety under Wu Jian
 14906 | Gauntlet | Slain by a catoblepas

Illustrated notes

Levels and vault maps discovered:
D:1:      lightli_arrival_statuegarden, layout_loops_ring,
          hellmonk_ecumenical_altar_watching_god, minivault_14
D:2:      layout_basic, uniq_robin
D:3:      layout_basic, minmay_quantized
D:4:      layout_rooms, wad_floor_pattern_untrapped
D:5:      layout_basic, mainiacjoe_overflow_alcove_1, overflow_temple_1_default,
          serial_shops, kennysheep_mini, nicolae_shop_mannequins,
          nicolae_shop_behind_doors, serial_undead, serial_undead_b,
          serial_undead_c, serial_undead_e, serial_undead_c, serial_undead_a,
          minmay_misc_feat_roman
D:6:      layout_rooms, minmay_temple_entry_junction_2, st_stairs_9,
          nicolae_shop_sticking_my_neck_out
D:7:      layout_basic, nicolae_ru_path_of_blood,
          lightli_ossuary_entry_decrepit_ruins, nicolae_shop_self_help,
          uniq_crazy_yiuf_cottage
D:8:      layout_rooms, vehumet_statue, serial_shops,
          nicolae_shop_real_fake_doors
D:9:      layout_loops_corners, serial_shops, shop, bh_walls_and_bars,
          uniq_pikel, uniq_psyche
D:10:     layout_irregular_city, nicolae_overflow_crystal_walls,
          elyvilon_altar_4, minmay_lair_entry_grove, serial_bayou_pond_c,
          uniq_amaemon
D:11:     layout_irregular_city, orc_0_dummy, minivault_26, dk_noncrumbling_2,
          uniq_nergalle
D:12:     layout_stronghold, nicolae_trove_entry_crossroad, uniq_sonja
D:13:     lemuel_traditional_vault, layout_basic, ximxim_vaults_locker_room,
          serial_shops, nicolae_shop_tiny_real_fake_doors, lemuel_flamethrower_1
Temple:   kb_temple_of_zot
Lair:1:   layout_loops_ring, gauntlet_entry_generic, serial_forest,
          infiniplex_forest_lined_ring, infiniplex_forest_end_2,
          infiniplex_forest_clump_diagonal, infiniplex_forest_straight_3,
          infiniplex_forest_lined_room_, infiniplex_forest_clump_double,
          infiniplex_forest_clump_C
Orc:1:    hellmonk_paralyzer, layout_diamond_mine, serial_shops,
          nicolae_shop_hallway_plus, uniq_erolcha, uniq_snorg, uniq_jorgrun,
          uniq_josephine
Gauntlet: minmay_gauntlet_77_indecision
          [minmay_gauntlet_arena_77_terracotta_army,
          minmay_gauntlet_arena_77_block_sizes, minmay_gauntlet_arena_77_braids,
          minmay_gauntlet_arena_77_museum, minmay_gauntlet_arena_77_box,
          minmay_gauntlet_arena_77_fan, nicolae_gauntlet_exit_dead_adventurers]

Skill      XL: |  1  2  3  4  5  6  7  8  9 10 11 12 |
---------------+-------------------------------------+-----
Invocations    | 1 2 3 4 5 6 7 8 |  8.5
Short Blades   | 1 2 3 5 6 7 |  7.8
Long Blades    | 1 2 3 5 6 7 |  7.8
Axes           | 1 2 3 5 6 7 |  7.8
Maces & Flails | 1 2 3 5 6 7 |  7.8
Polearms       | 1 2 3 5 6 7 |  7.8
Staves         | 1 2 3 5 6 7 |  7.8
Ranged Weapons | 1 2 3 5 6 7 |  7.8
Throwing       | 1 2 3 5 6 7 |  7.8
Armour         | 1 2 3 5 6 7 |  7.8
Stealth        | 1 2 3 5 6 7 |  7.8
Shields        | 1 2 3 5 6 7 |  7.8
Spellcasting   | 1 2 3 5 6 7 |  7.8
Evocations     | 1 2 3 5 6 7 |  7.8
Conjurations   | 1 2 3 4 5 6 |  6.5
Hexes          | 1 2 3 4 5 6 |  6.5
Summonings     | 1 2 3 4 5 6 |  6.5
Necromancy     | 1 2 3 4 5 6 |  6.5
Translocations | 1 2 3 4 5 6 |  6.5
Fire Magic     | 1 2 3 4 5 6 |  6.5
Ice Magic      | 1 2 3 4 5 6 |  6.5
Air Magic      | 1 2 3 4 5 6 |  6.5
Earth Magic    | 1 2 3 4 5 6 |  6.5
Alchemy        | 1 2 3 4 5 6 |  6.5
Fighting       | 3 4 5 6 7 8 |  8.3
Dodging        | 5 6 7 8 9 |  9.1
Unarmed Combat | 7 8 9 10 | 10.2
Shapeshifting  | 7 8 9 |  9.7

Action                     |  1- 3 |  4- 6 |  7- 9 | 10-12 || total
---------------------------+-------+-------+-------+-------++-------
  Melee: Unarmed           |    62 |   156 |   408 |   671 ||  1297
         Bite              |     5 |    10 |    46 |    91 ||   152
         Punch             |     2 |     2 |    24 |    16 ||    44
  Throw: Dart              |     3 |     9 |     5 |       ||    17
         Javelin           |       |       |     2 |     5 ||     7
   Cast: Stone Arrow       |       |       |       |    12 ||    12
         Fugue of the Fall |       |       |       |     3 ||     3
Ability: Lunge             |       |       |     6 |    40 ||    46
         Whirlwind         |       |       |       |    57 ||    57
         Wall Jump         |       |       |       |    50 ||    50
  Evoke: Wand              |       |       |     1 |     5 ||     6
    Use: Scroll            |     2 |     6 |     9 |    10 ||    27
         Potion            |       |     1 |     3 |     2 ||     6
   Stab: Sleeping          |     1 |       |       |     3 ||     4
 Armour: Animal skin       |     6 |       |       |       ||     6
         Ring mail         |    18 |       |       |       ||    18
         Leather armour    |     7 |       |       |       ||     7
         Scale mail        |     7 |       |       |       ||     7
         Chain mail        |     3 |    30 |       |       ||    33
         Plate armour      |       |    92 |   316 |   181 ||   589
         Skin              |       |       |       |   184 ||   184
  Dodge: Dodged            |    40 |    75 |   199 |   506 ||   820
   Form: Flux              |       |       |       |     1 ||     1

Table legend: (Time is in decaauts)
 A = Elapsed time spent in this place.
 B = Non-inter-level travel time spent in this place.
 C = Inter-level travel time spent in this place.
 D = Time resting spent in this place.
 E = Time spent auto-exploring this place.
 F = Levels seen in this place.
 G = Mean time per level.
                   A        B        C        D        E       F      G
               +--------+--------+--------+--------+--------+-----+--------+
         Total |  14923 |  14563 |    360 |   2892 |   5682 |  18 |  829.1 |
       Dungeon |  14078 |  13719 |    359 |   2824 |   5629 |  13 | 1082.9 |
        Temple |     45 |     45 |      0 |      0 |      0 |   1 |   45.0 |
          Lair |    101 |    101 |      0 |      0 |      0 |   1 |  101.0 |
  Orcish Mines |    156 |    156 |      0 |      0 |     53 |   1 |  156.0 |
       Ossuary |    341 |    341 |      0 |     55 |      0 |   1 |  341.0 |
      Gauntlet |    201 |    201 |      0 |     13 |      0 |   1 |  201.0 |
               +--------+--------+--------+--------+--------+-----+--------+

Top non-repeatable levels by time:
     D:5: 1795 daAuts
    D:12: 1655 daAuts
     D:9: 1651 daAuts
    D:11: 1388 daAuts
     D:7: 1167 daAuts
    D:10: 1134 daAuts
     D:3: 1121 daAuts
     D:8: 987 daAuts
     D:6: 905 daAuts
     D:1: 823 daAuts
     D:2: 715 daAuts
     D:4: 629 daAuts
 Ossuary: 341 daAuts
Gauntlet: 201 daAuts
   Orc:1: 156 daAuts
